 Dungeon Crawl Stone Soup version 0.19-a0-450-g98b348d (webtiles) character file.

25 epen the Chiller (level 2, -1/20 HPs)
             Began as a Demonspawn Ice Elementalist on June 1, 2016.
             Slain by a hobgoblin
             ... wielding a +0 club
              (3 damage)
             ... on level 2 of the Dungeon.
             The game lasted 00:02:02 (1680 turns).

epen the Chiller (Demonspawn Ice Elementalist)      Turns: 1680, Time: 00:02:03

Health: -1/20      AC:  2    Str:  8    XL:     2   Next: 82%
Magic:  5/5        EV: 12    Int: 16    God:
Gold:   27         SH:  0    Dex: 13    Spells: 2 memorised, 2 levels left

rFire  . . .     SeeInvis .     d - +0 short sword
rCold  . . .     Gourm    .     a - +0 robe
rNeg   . . .     Faith    .     (no shield)
rPois  .         Spirit   .     (no helmet)
rElec  .         Dismiss  .     (no cloak)
rCorr  .         Reflect  .     (no gloves)
SustAt .         Harm     .     (no boots)
MR     .....                    (no amulet)
Stlth  ++........               (no ring)
                                (no ring)

@: not resistant to hostile enchantments, unstealthy
A: powered by pain 1
a: no special abilities


You were on level 2 of the Dungeon.
You were not hungry.

You visited 1 branch of the dungeon, and saw 2 of its levels.

You collected 27 gold pieces.

Inventory:

Hand Weapons
 d - a +0 short sword (weapon)
Armour
 a - a +0 robe (worn)
Scrolls
 e - a scroll of enchant weapon {unknown}
 g - a scroll of identify {unknown}
Potions
 c - a potion of cancellation {unknown}
 f - a potion of resistance {unknown}
 h - a potion of degeneration {unknown}
Books
 b - a book of Frost

   Spells                             Type                      Level
   a - Freeze                         Ice                          1
   b - Throw Frost                    Conjuration/Ice              2
   c - Ozocubu's Armour               Charms/Ice                   3
   d - Throw Icicle                   Conjuration/Ice              4
   e - Summon Ice Beast               Ice/Summoning                4
Comestibles
 i - 2 chunks of flesh


   Skills:
 + Level 0.6 Fighting
 + Level 2.0 Dodging
 - Level 1.7 Stealth
 + Level 2.3 Spellcasting
 - Level 1.0 Conjurations
 * Level 3.1 Ice Magic


You had 2 spell levels left.
You knew the following spells:

 Your Spells              Type           Power        Failure   Level  Hunger
a - Freeze                Ice            ##..         8%          1    #......
b - Throw Frost           Conj/Ice       #.....       14%         2    ###....


Dungeon Overview and Level Annotations

Branches:
Dungeon (2/15)

Altars:


Innate Abilities, Weirdness & Mutations

You sometimes gain a little power by taking damage.


Message History

The hobgoblin hits you with a club.
The goblin shoots a stone.
The stone closely misses you.
You hit the hobgoblin.
The hobgoblin is almost dead.
The hobgoblin misses you.
The goblin shoots a stone.
The stone hits you.
You barely miss the hobgoblin.
The hobgoblin is almost dead.
The hobgoblin hits you with a club.
You hit the hobgoblin but do no damage.
The hobgoblin is almost dead.
The hobgoblin hits you with a club.
The goblin shoots a stone.
The stone hits you!
* * * LOW HITPOINT WARNING * * *
You are too injured to fight recklessly!
You are too injured to fight recklessly!
You are too injured to fight recklessly!
You hit the hobgoblin but do no damage.
The hobgoblin is almost dead.
The hobgoblin hits you with a club.
You die...

############
######.
...........#
###.......
##########.#
#(......#. ###
#.# #.........
..#
#.####..g....#.
..#
#...##(@.......
..#
###(##(..g.).#.
..#
#(.........$.
..###
####....##.#.
..... #....# ..
..... ##.### #
.... #.# ....
#.# ###### .#


You could see a hobgoblin and a goblin.

Vanquished Creatures
  A dart slug (D:1)
  2 giant cockroaches
  A goblin (D:1)
  5 hobgoblins
  3 bats (D:1)
  2 giant newts (D:1)
  6 kobolds (D:1)
  2 rats (D:1)
22 creatures vanquished.

Notes
Turn   | Place    | Note
--------------------------------------------------------------
     0 | D:1      | epen the Demonspawn Ice Elementalist began the quest for the Orb.
     0 | D:1      | Reached XP level 1. HP: 13/13 MP: 3/3
   345 | D:1      | Reached skill level 3 in Ice Magic
   527 | D:1      | Gained mutation: You sometimes gain a little power by taking damage. [demonic ancestry]
   527 | D:1      | Reached XP level 2. HP: 15/20 MP: 3/5
   531 | D:1      | Learned a level 2 spell: Throw Frost
  1680 | D:2      | Slain by a hobgoblin

Vault maps used:
D:1:      matt_arrival_los_fun
D:2:      kennysheep_six_static_rooms, gammafunk_temple_overflow_elements,
          minmay_misc_feat_doors

Skill      XL: |  1  2 |
---------------+-------+-----
Ice Magic      | 3 |  3.1
Dodging        | 2 |  2.0
Fighting       | |  0.6
Stealth        | |  1.7
Spellcasting   | |  2.3
Conjurations   | |  1.0

Action                   || total
-------------------------++-------
Melee: Short sword       ||    81
 Cast: Freeze            ||    15
 Stab: Sleeping          ||     3
  Eat: Bread ration      ||     1
Armor: Robe              ||    23
Dodge: Dodged            ||    78
